MLB
BALTIMORE ORIOLES @ BOSTON RED SOX
07/12/2020
 
TOP OF THE 1ST
Baltimore Orioles batting - Pitching for Boston Red Sox : RHP Adam Wainwright
Pitching: RHP Adam Wainwright
Batting: SHB Asdrubal Cabrera 0-0: Ball
1-0: Swinging Strike
1-1: Foul Ball, location: 2F
1-2: Ball
2-2: Strikes out swinging
Batting: LHB Daniel Murphy 0-0: Fly out, F7 (Flyball, 7D, EV 93.8 MPH)
Batting: RHB Trevor Story 0-0: Called Strike
0-1: Called Strike
0-2: Ball
1-2: Ball
2-2: Ball
3-2: DOUBLE (Line Drive, 7LM, EV 101.9 MPH)
Batting: LHB Kyle Schwarber 0-0: Foul Ball, location: 2F
0-1: Ground out 1-3 (Groundball, 15S, EV 74.4 MPH)
Top of the 1st over - 0 runs, 1 hit, 0 errors, 1 left on base; Baltimore 0 - Boston 0
BOTTOM OF THE 1ST
Boston Red Sox batting - Pitching for Baltimore Orioles : LHP Tyler Anderson
Pitching: LHP Tyler Anderson
Batting: RHB Ian Desmond 0-0: Ball
1-0: Ground out 2-3 (Groundball, 15S, EV 70.6 MPH)
Batting: RHB Xander Bogaerts 0-0: Ball
1-0: Fly out, F5 (Popup, 56, EV 56.3 MPH)
Batting: RHB Wilson Ramos 0-0: Called Strike
0-1: DOUBLE (Flyball, 89XD, EV 115.0 MPH)
Batting: RHB Mike Trout 0-0: Ball
1-0: Ball
2-0: Called Strike
2-1: Ball
3-1: Base on Balls
Batting: SHB Marwin Gonzalez 0-0: Called Strike
0-1: Ball
1-1: Called Strike
1-2: Ball
2-2: Ball
3-2: Strikes out swinging
Bottom of the 1st over - 0 runs, 1 hit, 0 errors, 2 left on base; Baltimore 0 - Boston 0
TOP OF THE 2ND
Baltimore Orioles batting - Pitching for Boston Red Sox : RHP Adam Wainwright
Batting: RHB Andrew McCutchen 0-0: SINGLE (Flyball, 56D, EV 83.1 MPH)
Batting: LHB Nomar Mazara 0-0: Ball
1-0: Ball
2-0: Called Strike
2-1: Called Strike
2-2: Ball
3-2: Ground out 6-3 (Groundball, 4D, EV 101.3 MPH)
Andrew McCutchen to second
Batting: RHB Matt Duffy 0-0: Swinging Strike
0-1: Swinging Strike
0-2: Ball
1-2: Fly out, F7 (Line Drive, 7, EV 105.0 MPH)
Batting: RHB Albert Almora Jr. 0-0: Ball
1-0: Called Strike
1-1: Ball
2-1: SINGLE (Groundball, 15S, EV 75.0 MPH) (infield hit)
Andrew McCutchen to third
Batting: RHB Taylor Davis 0-0: Called Strike
0-1: Ball
1-1: Fly out, F6 (Popup, 15S, EV 89.4 MPH)
Top of the 2nd over - 0 runs, 2 hits, 0 errors, 2 left on base; Baltimore 0 - Boston 0
BOTTOM OF THE 2ND
Boston Red Sox batting - Pitching for Baltimore Orioles : LHP Tyler Anderson
Batting: LHB Zach McKinstry 0-0: Ball
1-0: Called Strike
1-1: Bunt missed!
1-2: SINGLE (Line Drive, 7S, EV 106.3 MPH)
Batting: RHB Jedd Gyorko 0-0: Called Strike
0-1: Ball
1-1: Called Strike
Zach McKinstry is caught stealing 2nd base 2-4
1-2: Ball
2-2: Foul Ball, location: 2F
2-2: Ball
3-2: Base on Balls
Batting: SHB Yangervis Solarte 0-0: Called Strike
0-1: SINGLE (Groundball, 34D, EV 97.5 MPH)
Jedd Gyorko to second
Jedd Gyorko to third
Batting: SHB Willi Castro 0-0: Swinging Strike
0-1: Ball
1-1: Ball
2-1: Called Strike
2-2: Strikes out swinging
Batting: RHB Ian Desmond 0-0: Called Strike
0-1: Ball
1-1: Fly out, F8 (Flyball, 8LXD, EV 102.5 MPH)
Bottom of the 2nd over - 0 runs, 2 hits, 0 errors, 2 left on base; Baltimore 0 - Boston 0
TOP OF THE 3RD
Baltimore Orioles batting - Pitching for Boston Red Sox : RHP Adam Wainwright
Batting: SHB Asdrubal Cabrera 0-0: Ball
1-0: Called Strike
1-1: Foul Ball, location: 2F
1-2: Strikes out swinging
Batting: LHB Daniel Murphy 0-0: Ball
1-0: Ground out 4-3 (Groundball, 4MS, EV 68.1 MPH)
Batting: RHB Trevor Story 0-0: Fly out, F7 (Flyball, 7S, EV 83.8 MPH)
Top of the 3rd over - 0 runs, 0 hits, 0 errors, 0 left on base; Baltimore 0 - Boston 0
BOTTOM OF THE 3RD
Boston Red Sox batting - Pitching for Baltimore Orioles : LHP Tyler Anderson
Batting: RHB Xander Bogaerts 0-0: Ball
1-0: Called Strike
1-1: Called Strike
1-2: Foul Ball, location: 2F
1-2: Ground out 4-3 (Groundball, 4, EV 86.3 MPH)
Batting: RHB Wilson Ramos 0-0: Ball
1-0: Called Strike
1-1: SINGLE (Line Drive, 56D, EV 102.5 MPH)
Batting: RHB Mike Trout 0-0: Called Strike
0-1: Ball
1-1: Ball
2-1: Ball
3-1: Base on Balls
Wilson Ramos to second
Batting: SHB Marwin Gonzalez 0-0: Fly out, F9 (Flyball, 89M, EV 96.3 MPH)
Batting: LHB Zach McKinstry 0-0: Called Strike
0-1: SINGLE (Line Drive, 9S, EV 110.6 MPH)
Wilson Ramos to third
Mike Trout to second
Runner from 3rd tries for Home, SAFE, throw by RF to home
Batting: RHB Jedd Gyorko 0-0: Ball
1-0: Called Strike
1-1: Called Strike
1-2: Ball
2-2: Fielders Choice at 2nd, 6-4 (Groundball, 6, EV 81.9 MPH)
Bottom of the 3rd over - 1 run, 2 hits, 0 errors, 2 left on base; Baltimore 0 - Boston 1
TOP OF THE 4TH
Baltimore Orioles batting - Pitching for Boston Red Sox : RHP Adam Wainwright
Batting: LHB Kyle Schwarber 0-0: Ball
1-0: Called Strike
1-1: Swinging Strike
1-2: Ball
2-2: Ball
3-2: Ground out 2-3 (Groundball, 13S, EV 62.5 MPH)
Batting: RHB Andrew McCutchen 0-0: Ball
1-0: Fly out, F7 (Flyball, 7, EV 89.4 MPH)
Batting: LHB Nomar Mazara 0-0: SINGLE (Line Drive, 89S, EV 102.5 MPH)
Batting: RHB Matt Duffy 0-0: Ball
1-0: Called Strike
1-1: Ground out U3 (Groundball, 34, EV 100.0 MPH)
Top of the 4th over - 0 runs, 1 hit, 0 errors, 1 left on base; Baltimore 0 - Boston 1
BOTTOM OF THE 4TH
Boston Red Sox batting - Pitching for Baltimore Orioles : LHP Tyler Anderson
Batting: SHB Yangervis Solarte 0-0: Foul Ball, location: 2F
0-1: Ball
1-1: Ball
2-1: Ball
3-1: Foul Ball, location: 2F
3-2: Foul Ball, location: 2F
3-2: Ground out U3 (Groundball, 34S, EV 82.5 MPH)
Batting: SHB Willi Castro 0-0: Ball
1-0: Foul Ball, location: 2F
1-1: Ball
2-1: Ground out U3 (Groundball, 3, EV 82.5 MPH)
Batting: RHB Ian Desmond 0-0: Called Strike
0-1: Ball
1-1: SINGLE (Flyball, 7LS, EV 94.4 MPH)
Batting: RHB Xander Bogaerts 0-0: Foul Ball, location: 2F
0-1: Ball
1-1: Ball
2-1: SINGLE (Flyball, 6MD, EV 89.4 MPH)
Ian Desmond to second
Batting: RHB Wilson Ramos 0-0: Ball
1-0: Called Strike
1-1: Foul Ball, location: 2F
1-2: Ball
2-2: SINGLE (Groundball, 56D, EV 96.9 MPH)
Ian Desmond to third
Xander Bogaerts to second
Runner from 3rd tries for Home, SAFE, throw by LF to home
Batting: RHB Mike Trout 0-0: Ball
1-0: Called Strike
1-1: Ball
2-1: Foul Ball, location: 2F
2-2: Foul Ball, location: 2F
2-2: Ball
3-2: Fly out, F6 (Flyball, 56D, EV 91.3 MPH)
Bottom of the 4th over - 1 run, 3 hits, 0 errors, 2 left on base; Baltimore 0 - Boston 2
TOP OF THE 5TH
Baltimore Orioles batting - Pitching for Boston Red Sox : RHP Adam Wainwright
Batting: RHB Albert Almora Jr. 0-0: Ball
1-0: SINGLE (Groundball, 6MD, EV 95.6 MPH)
Batting: RHB Taylor Davis 0-0: Ball
1-0: Ball
2-0: Called Strike
2-1: Fielders Choice at 2nd, 5-4 (Groundball, 56, EV 105.6 MPH)
Batting: SHB Asdrubal Cabrera 0-0: Ball
1-0: SINGLE (Groundball, 23, EV 66.9 MPH) (infield hit)
Taylor Davis to second
Batting: LHB Daniel Murphy 0-0: Ball
1-0: Foul Ball, location: 2F
1-1: Ball
2-1: DOUBLE (Line Drive, 9LS, EV 103.8 MPH)
Taylor Davis scores
Asdrubal Cabrera to third
Batting: RHB Trevor Story 0-0: Ball
1-0: Ball
2-0: Called Strike
2-1: SINGLE (Line Drive, 7LS, EV 98.1 MPH)
Asdrubal Cabrera scores
Daniel Murphy to third
Batting: LHB Kyle Schwarber 0-0: Ball
1-0: Ball
2-0: Ball
3-0: Called Strike
3-1: Swinging Strike
3-2: Strikes out looking
Trevor Story steals 2nd base
Batter strikes out.
Batting: RHB Andrew McCutchen 0-0: Ball
1-0: Foul Ball, location: 2F
1-1: DOUBLE (Line Drive, 7LS, EV 104.4 MPH)
Daniel Murphy scores
Trevor Story scores
Batting: LHB Nomar Mazara 0-0: Ground out 4-3 (Groundball, 4, EV 101.3 MPH)
Top of the 5th over - 4 runs, 5 hits, 0 errors, 1 left on base; Baltimore 4 - Boston 2
BOTTOM OF THE 5TH
Boston Red Sox batting - Pitching for Baltimore Orioles : LHP Tyler Anderson
Pitching: RHP R.J. Alaniz
Batting: SHB Marwin Gonzalez 0-0: Called Strike
0-1: Foul Ball, location: 2F
0-2: Ball
1-2: Ball
2-2: Ball
3-2: Base on Balls
Batting: LHB Zach McKinstry 0-0: Called Strike
0-1: Ball
1-1: Ball
2-1: Ball
3-1: Base on Balls
Marwin Gonzalez to second
Batting: RHB Jedd Gyorko 0-0: Fly out, F7 (Flyball, 7LM, EV 88.8 MPH)
Batting: SHB Yangervis Solarte 0-0: Ball
1-0: Ball
2-0: Foul Ball, location: 2F
2-1: Fly out, F5 (Line Drive, 5, EV 62.5 MPH)
Batting: SHB Willi Castro 0-0: Called Strike
0-1: Swinging Strike
0-2: Foul Ball, location: 2F
0-2: Foul Ball, location: 2F
0-2: Strikes out swinging
Bottom of the 5th over - 0 runs, 0 hits, 0 errors, 2 left on base; Baltimore 4 - Boston 2
TOP OF THE 6TH
Baltimore Orioles batting - Pitching for Boston Red Sox : RHP Adam Wainwright
Batting: RHB Matt Duffy 0-0: Ball
1-0: Ground out 6-3 (Groundball, 6, EV 101.3 MPH)
Batting: RHB Albert Almora Jr. 0-0: Ball
1-0: Ground out 6-3 (Groundball, 6, EV 100.0 MPH)
Batting: RHB Taylor Davis 0-0: Fly out, F7 (Flyball, 7S, EV 79.4 MPH)
Top of the 6th over - 0 runs, 0 hits, 0 errors, 0 left on base; Baltimore 4 - Boston 2
BOTTOM OF THE 6TH
Boston Red Sox batting - Pitching for Baltimore Orioles : RHP R.J. Alaniz
Batting: RHB Ian Desmond 0-0: Swinging Strike
0-1: Ball
1-1: Foul Ball, location: 2F
1-2: Strikes out looking
Batting: RHB Xander Bogaerts 0-0: Swinging Strike
0-1: Foul Ball, location: 2F
0-2: Ball
1-2: Ball
2-2: Ground out 6-3 (Groundball, 6, EV 86.9 MPH)
Batting: RHB Wilson Ramos 0-0: Ground out 6-3 (Groundball, 6S, EV 62.5 MPH)
Bottom of the 6th over - 0 runs, 0 hits, 0 errors, 0 left on base; Baltimore 4 - Boston 2
TOP OF THE 7TH
Baltimore Orioles batting - Pitching for Boston Red Sox : RHP Adam Wainwright
Batting: SHB Asdrubal Cabrera 0-0: Called Strike
0-1: Called Strike
0-2: SINGLE (Groundball, 4MD, EV 105.0 MPH)
Batting: LHB Daniel Murphy 0-0: Sac Bunt to 2L - play at second, runner OUT! 2-6
Batting: RHB Trevor Story 0-0: Foul Ball, location: 2F
0-1: Ball
1-1: Swinging Strike
1-2: Fly out, F7 (Flyball, 78S, EV 75.0 MPH)
Batting: LHB Kyle Schwarber 0-0: Foul Ball, location: 2F
0-1: Foul Ball, location: 2F
0-2: Ground out 1-3 (Groundball, 13S, EV 69.4 MPH)
Top of the 7th over - 0 runs, 1 hit, 0 errors, 1 left on base; Baltimore 4 - Boston 2
BOTTOM OF THE 7TH
Boston Red Sox batting - Pitching for Baltimore Orioles : RHP R.J. Alaniz
Pitching: RHP Brandon Morrow
Batting: RHB Mike Trout 0-0: Foul Ball, location: 2F
0-1: Hit by Pitch
Batting: SHB Marwin Gonzalez 0-0: Foul Ball, location: 2F
0-1: SINGLE (Line Drive, 89S, EV 109.4 MPH)
Mike Trout to second
Batting: LHB Zach McKinstry 0-0: Ball
1-0: Foul Ball, location: 2F
1-1: Fly out, F8 (Flyball, 8RS, EV 93.8 MPH)
Pitching: LHP Mike Montgomery
Batting: RHB Jedd Gyorko 0-0: Called Strike
0-1: Foul Ball, location: 2F
0-2: Ball
1-2: Foul Ball, location: 2F
1-2: Foul Ball, location: 2F
1-2: Ball
2-2: Fly out, F8 (Flyball, 8LD, EV 107.5 MPH)
Batting: SHB Yangervis Solarte 0-0: Fly out, F4 (Line Drive, 4, EV 67.5 MPH)
Bottom of the 7th over - 0 runs, 1 hit, 0 errors, 2 left on base; Baltimore 4 - Boston 2
TOP OF THE 8TH
Baltimore Orioles batting - Pitching for Boston Red Sox : RHP Adam Wainwright
Pitching: RHP Craig Kimbrel
Batting: RHB Andrew McCutchen 0-0: Ball
1-0: Fly out, F9 (Flyball, 9LS, EV 93.8 MPH)
Batting: LHB Nomar Mazara 0-0: Called Strike
0-1: Foul Ball, location: 2F
0-2: Strikes out swinging, 2-3 out at first.
Batting: RHB Matt Duffy 0-0: Called Strike
0-1: Called Strike
0-2: Ball
1-2: Strikes out swinging
Top of the 8th over - 0 runs, 0 hits, 0 errors, 0 left on base; Baltimore 4 - Boston 2
BOTTOM OF THE 8TH
Boston Red Sox batting - Pitching for Baltimore Orioles : LHP Mike Montgomery
Now in RF: Derek Fisher
Batting: SHB Willi Castro 0-0: Ball
1-0: Foul Ball, location: 2F
1-1: Called Strike
1-2: Ball
2-2: Ground out 4-3 (Groundball, 34, EV 82.5 MPH)
Batting: RHB Ian Desmond 0-0: Ball
1-0: Foul Ball, location: 2F
1-1: Ball
2-1: Ball
3-1: Base on Balls
Batting: RHB Xander Bogaerts 0-0: Foul Ball, location: 2F
0-1: Ball
1-1: Foul Ball, location: 2F
1-2: Ball
2-2: Ball
3-2: Fly out, F8 (Flyball, 8LS, EV 94.4 MPH)
Batting: RHB Wilson Ramos 0-0: Called Strike
0-1: Foul Ball, location: 2F
0-2: Ball
1-2: Strikes out swinging
Bottom of the 8th over - 0 runs, 0 hits, 0 errors, 1 left on base; Baltimore 4 - Boston 2
TOP OF THE 9TH
Baltimore Orioles batting - Pitching for Boston Red Sox : RHP Craig Kimbrel
Pitching: LHP Tommy Layne
Batting: RHB Albert Almora Jr. 0-0: Ground out 4-3 (Groundball, 13, EV 86.3 MPH)
Batting: RHB Taylor Davis 0-0: Ball
1-0: Foul Ball, location: 2F
1-1: Foul Ball, location: 2F
1-2: Ball
2-2: DOUBLE (Line Drive, 9LM, EV 96.9 MPH)
Batting: SHB Asdrubal Cabrera 0-0: Ball
1-0: Called Strike
1-1: Called Strike
1-2: Foul Ball, location: 2F
1-2: Strikes out swinging
Batting: LHB Daniel Murphy 0-0: Called Strike
0-1: Ball
1-1: Ball
2-1: Foul Ball, location: 2F
2-2: Ball
3-2: SINGLE (Line Drive, 89M, EV 113.1 MPH)
Taylor Davis to third
Taylor Davis scores
Pitching: RHP Kyle Keller
Batting: RHB Trevor Story 0-0: Ball
Daniel Murphy steals 2nd base
1-0: SINGLE (Groundball, 25, EV 76.3 MPH) (infield hit)
Daniel Murphy to third
Batting: LHB Kyle Schwarber 0-0: Ball
1-0: Called Strike
1-1: Called Strike
1-2: Ball
2-2: Foul Ball, location: 2F
2-2: Ball
3-2: Base on Balls
Trevor Story to second
Batting: RHB Andrew McCutchen 0-0: Foul Ball, location: 2F
0-1: Ball
1-1: Ball
2-1: Ball
3-1: Called Strike
3-2: Base on Balls
Daniel Murphy scores
Trevor Story to third
Kyle Schwarber to second
Pitching: RHP Tyson Ross
Batting: LHB Derek Fisher 0-0: Ball
1-0: Ball
2-0: Foul Ball, location: 2F
2-1: Ball
3-1: Base on Balls
Trevor Story scores
Kyle Schwarber to third
Andrew McCutchen to second
Batting: RHB Matt Duffy 0-0: Ball
1-0: Called Strike
1-1: Ball
2-1: DOUBLE (Groundball, 5L, EV 107.5 MPH)
Kyle Schwarber scores
Andrew McCutchen scores
Derek Fisher to third
Batting: RHB Albert Almora Jr. 0-0: Ground out 5-3 (Groundball, 56, EV 106.3 MPH)
Top of the 9th over - 5 runs, 4 hits, 0 errors, 2 left on base; Baltimore 9 - Boston 2
BOTTOM OF THE 9TH
Boston Red Sox batting - Pitching for Baltimore Orioles : LHP Mike Montgomery
Pitching: LHP Adalberto Mejia
Batting: RHB Mike Trout 0-0: Called Strike
0-1: Foul Ball, location: 2F
0-2: Foul Ball, location: 2F
0-2: Ball
1-2: Ball
2-2: Foul Ball, location: 2F
2-2: Foul Ball, location: 2F
2-2: Foul Ball, location: 2F
2-2: Ball
3-2: Fly out, F8 (Flyball, 8RS, EV 79.4 MPH)
Batting: SHB Marwin Gonzalez 0-0: Swinging Strike
0-1: Ball
1-1: Ball
2-1: Ball
3-1: Swinging Strike
3-2: SINGLE (Line Drive, 7S, EV 105.6 MPH)
Batting: LHB Zach McKinstry 0-0: Ball
1-0: Ball
2-0: Foul Ball, location: 2F
2-1: Ball
3-1: Base on Balls
Marwin Gonzalez to second
Pitching: RHP Javier Guerra
Batting: RHB Jedd Gyorko 0-0: Called Strike
0-1: Ball
1-1: Foul Ball, location: 2F
1-2: Reached on error, E6 (Groundball, 6, EV 90.6 MPH)
Marwin Gonzalez to third
Zach McKinstry to second
Batting: SHB Yangervis Solarte 0-0: Grounds into double play, 4-6-3 (Groundball, 4, EV 82.5 MPH)
Bottom of the 9th over - 0 runs, 1 hit, 1 error, 2 left on base; Baltimore 9 - Boston 2
Tuesday, September 8th, 2020 - OOTP Baseball 21.5 Build 76